 Dungeon Crawl Stone Soup version 0.31-a0-115-g4708a659fe (webtiles) character file.

Game seed: 613534390771955348

361 Elsrick the Chopper (level 6, -8/50 HPs)
             Began as a Hill Orc Hexslinger on May 30, 2023.
             Was an Initiate of Gozag.
             Mangled by an ogre
             ... wielding a +0 giant spiked club
              (14 damage)
             ... on level 5 of the Dungeon.
             The game lasted 00:08:43 (3605 turns).

Elsrick the Chopper (Hill Orc Hexslinger)           Turns: 3605, Time: 00:08:44

Health: -8/50      AC: 14    Str: 16    XL:     6   Next: 66%
Magic:  7/7        EV:  8    Int: 17    God:    Gozag
Gold:   119        SH:  0    Dex: 21    Spells: 6/7 levels left

rFire   . . .        d - +0 war axe
rCold   x . .        (no shield)
rNeg    . . .        t - +0 chain mail of the Evening Star {rC- Int+4 Dex+2}
rPois   +            (no helmet)
rElec   .            q - +0 cloak
rCorr   .            F - +2 pair of gloves {Str+3}
SInv    .            h - +0 pair of boots
Will    .....        (no amulet) Stlth
                     C - +6 ring of dexterity
HPRegen 0.28/turn    y - ring of poison resistance
MPRegen 0.10/turn

%: no passive effects
@: gold aura
A: no striking features
a: Renounce Religion, Potion Petition, Call Merchant, Bribe Branch


You were on level 5 of the Dungeon.
You worshipped Gozag.
Gozag was aware of your devotion.
You visited 2 branches of the dungeon, and saw 6 of its levels.

You collected 164 gold pieces.
You paid 45 gold pieces to Gozag.

Inventory:

Hand Weapons
 a - a +1 sling
 d - a +0 war axe (weapon)
Missiles
 A - 2 poisoned darts
Armour
 c - a +0 robe
 h - a +0 pair of boots (worn)
 q - a +0 cloak (worn)
 t - the +0 chain mail of the Evening Star (worn) {rC- Int+4 Dex+2}
   (You found it on level 3 of the Dungeon)

   Int:       It affects your intelligence (+4).
   Dex:       It affects your dexterity (+2).
   rC:        It makes you vulnerable to cold.
 F - a +2 pair of gloves of strength (worn)
Jewellery
 y - a ring of poison resistance (right hand)
 C - a +6 ring of dexterity (left hand)
 H - an amulet of faith
Wands
 w - a wand of flame (25)
Scrolls
 b - 2 scrolls of poison
 f - a scroll of immolation {unknown}
 j - 5 scrolls of identify {unknown}
 l - 2 scrolls of acquirement {unknown}
 o - 2 scrolls of fear {unknown}
 p - a scroll of fog {unknown}
 s - 3 scrolls of teleportation {unknown}
 u - a scroll of torment {unknown}
 v - a scroll of enchant weapon {unknown}
 x - 2 scrolls of enchant armour {unknown}
 E - 3 scrolls of noise {unknown}
 G - a scroll of blinking {unknown}
Potions
 e - 2 potions of mutation {unknown}
 g - a potion of degeneration {unknown}
 i - a potion of might {unknown}
 k - 2 potions of berserk rage {unknown}
 m - a potion of ambrosia {unknown}
 n - 2 potions of enlightenment {unknown}
 r - a potion of haste {unknown}
 z - a potion of curing {unknown}
 B - a potion of invisibility {unknown}
 D - a potion of cancellation {unknown}


   Skills:
 + Level 2.8 Fighting
 + Level 5.4 Axes
 + Level 2.0 Ranged Weapons
 + Level 2.5 Armour
 + Level 2.2 Dodging
 + Level 0.5 Stealth
 + Level 1.0 Spellcasting
 + Level 3.8 Hexes


You had 6 spell levels left.
You knew the following spells:

 Your Spells              Type           Power      Damage    Failure   Level
a - Slow                  Hex            52%        N/A       47%         1

Your spell library contained the following spells:

 Spells                   Type           Power      Damage    Failure   Level
 Inner Flame              Hex/Fire       7%         N/A       98%         3
 Portal Projectile        Hex/Tloc       14%        N/A       98%         3
 Cause Fear               Hex            6%         N/A       99%         4
 Gell's Gravitas          Tloc           0%         N/A       100%        3
 Teleport Other           Tloc           0%         N/A       100%        3
 Dispersal                Tloc           0%         N/A       100%        6


Dungeon Overview and Level Annotations

Branches:
Dungeon (5/15)             Temple (1/1) D:4

Altars:
Ashenzari
Dithmenos
Elyvilon
Gozag
Hepliaklqana
Nemelex Xobeh
Ru
Sif Muna
Trog
Uskayaw
Vehumet
Wu Jian
Xom
Yredelemnul
Zin
The Shining One


Message History

You hit the hound. Your punch misses the hound.
The hound is moderately wounded.
The hound barely misses you.
An ogre comes into view. It is wielding a +0 giant spiked club.
The hound barely misses you.
The ogre shouts!
You slash the hound!
The hound is almost dead.
The hound bites you. The hound barely misses you.
You closely miss the hound.
The hound is almost dead.
You barely miss the ogre.
The hound bites you but does no damage. x2
The ogre closely misses you.
You completely miss the hound.
The hound is almost dead.
You hit the ogre.
The hound bites you but does no damage. x2
The ogre barely misses you.
You slash the hound!
You kill the hound!
You hit the ogre.
The ogre hits you with a +0 giant spiked club!
You see here 8 gold pieces.
You hit the ogre.
The ogre is heavily wounded.
The ogre hits you with a +0 giant spiked club!!
Ouch! That really hurt!
* * * LOW HITPOINT WARNING * * *
You hit the ogre.
The ogre is severely wounded.
The ogre barely misses you.
You completely miss the ogre.
The ogre is severely wounded.
The ogre barely misses you.
You hit the ogre.
The ogre is severely wounded.
You completely miss the ogre.
The ogre is severely wounded.
The ogre hits you with a +0 giant spiked club!
You die...
Your body crumbles into a pile of gold.

#..# # #..##
.##... ....##
###....###..
..........
#.###O...####.
#....@<.......
###.###.......
# ######.


You could see an ogre.

Vanquished Creatures
  A howler monkey (D:4)
  A jelly (D:3)
  3 hounds
  An orc wizard (D:4)
  An iguana (D:4)
  3 gnolls (D:4)
  4 adders
  2 worms
  2 dart slugs (D:1)
  12 orcs
  5 endoplasms
  2 giant cockroaches (D:3)
  3 goblins
  3 hobgoblins
  4 jackals (D:1)
  6 kobolds
  4 quokkas
  7 ball pythons
  2 bats
  3 frilled lizards
  5 rats
74 creatures vanquished.

Notes
Turn   | Place    | Note
-------+----------+-------------------------------------------
     0 | D:1      | Elsrick the Hill Orc Hexslinger began the quest for the
                  | Orb.
     0 | D:1      | Reached XP level 1. HP: 16/16 MP: 2/2
   117 | D:1      | Reached XP level 2. HP: 22/23 MP: 3/3
   955 | D:2      | Reached XP level 3. HP: 28/28 MP: 4/4
   989 | D:2      | HP: 1/28 [worm (5)]
  1265 | D:2      | Found a shimmering altar of Xom.
  1269 | D:2      | Reached skill level 1 in Axes
  1673 | D:3      | Reached skill level 2 in Axes
  1712 | D:3      | Identified the +0 chain mail of the Evening Star {rC- Int+4
                  | Dex+2}
  1717 | D:3      | Reached XP level 4. HP: 35/35 MP: 5/5
  1749 | D:3      | Found a broken altar of Ashenzari.
  1944 | D:3      | Reached skill level 3 in Axes
  2372 | D:4      | Reached skill level 4 in Axes
  2372 | D:4      | Reached XP level 5. HP: 28/41 MP: 6/6
  2448 | D:4      | Identified the +0 ring mail of the Stallion {rN+}
  2566 | D:4      | Reached skill level 1 in Armour
  2690 | D:4      | Reached XP level 6. HP: 29/48 MP: 7/7
  2962 | D:4      | Reached skill level 5 in Axes
  3230 | D:4      | Found a staircase to the Ecumenical Temple.
  3359 | Temple   | Entered the Ecumenical Temple
  3512 | Temple   | Became a worshipper of Gozag Ym Sagoz the Greedy
  3592 | D:5      | Entered Level 5 of the Dungeon
  3605 | D:5      | Mangled by an ogre

Illustrated notes

Levels and vault maps discovered:
D:1:      dpeg_arrival_radiant, layout_basic
D:2:      layout_loops_cross, basic_altar,
          nicolae_concentric_dashed_squares_wild
D:3:      layout_rooms, ashenzari_conservatory_becter
D:4:      layout_loops_ring, minmay_temple_entry_junction, minmay_crystal_water
D:5:      layout_loops_ring, gammafunk_temple_overflow_elements, hex_tiny,
          corexii_hall_statues_s, uniq_duvessa, uniq_menkaure
Temple:   hellmonk_temple_two_chambers

Skill      XL: |  1  2  3  4  5  6 |
---------------+-------------------+-----
Ranged Weapons | 2 |  2.0
Dodging        | 2 |  2.2
Axes           | 2 4 5 |  5.4
Armour         | 1 2 |  2.5
Fighting       | 2 |  2.8
Stealth        | |  0.5
Spellcasting   | |  1.0
Hexes          | |  3.8

Action                     |  1- 3 |  4- 6 || total
---------------------------+-------+-------++-------
  Melee: War axe           |   107 |   157 ||   264
   Fire: Sling             |     6 |       ||     6
   Stab: Sleeping          |     1 |       ||     1
 Armour: Robe              |    30 |       ||    30
         Chain mail        |       |   128 ||   128
  Dodge: Dodged            |    79 |    88 ||   167

Table legend: (Time is in decaauts)
 A = Elapsed time spent in this place.
 B = Non-inter-level travel time spent in this place.
 C = Inter-level travel time spent in this place.
 D = Time resting spent in this place.
 E = Time spent auto-exploring this place.
 F = Levels seen in this place.
 G = Mean time per level.
                   A        B        C        D        E       F      G
               +--------+--------+--------+--------+--------+-----+--------+
         Total |   3701 |   3657 |     44 |    836 |   1872 |   6 |  616.8 |
       Dungeon |   3533 |   3489 |     44 |    736 |   1862 |   5 |  706.6 |
        Temple |    167 |    167 |      0 |    100 |     10 |   1 |  167.0 |
               +--------+--------+--------+--------+--------+-----+--------+

Top non-repeatable levels by time:
     D:4: 1095 daAuts
     D:1: 978 daAuts
     D:3: 730 daAuts
     D:2: 712 daAuts
  Temple: 167 daAuts
     D:5: 15 daAuts
